 Dungeon Crawl Stone Soup version 0.28-a0-563-gf77a47075d (webtiles) character file.

Game seed: 7348966686992492890

28 iamoutofideas the Chopper (level 3, -2/33 HPs)
             Began as a Hill Orc Monk on Oct 1, 2021.
             Killed from afar by Sigmund (8 damage)
             ... with a magic dart
             ... on level 2 of the Dungeon.
             The game lasted 00:01:25 (1595 turns).

iamoutofideas the Chopper (Hill Orc Monk)           Turns: 1595, Time: 00:01:26

Health: -2/33      AC:  2    Str: 14    XL:     3   Next: 14%
Magic:  3/3        EV: 12    Int: 10    God:
Gold:   29         SH:  0    Dex: 13    Spells: 2/2 levels left

rFire   . . .      SeeInvis .   a - +0 hand axe
rCold   . . .      Faith    .   (no shield)
rNeg    . . .      Spirit   .   b - +0 robe
rPois   .          Reflect  .   (no helmet)
rElec   .          Harm     .   (no cloak)
rCorr   .          Rampage  .   (no gloves)
Will    .....                   (no boots)
Stlth   ++........              (no amulet)
HPRegen 0.11/turn               (no ring)
MPRegen 0.08/turn               (no ring)

@: brilliant
A: no striking features
a: no special abilities


You were on level 2 of the Dungeon.
You visited 1 branch of the dungeon, and saw 2 of its levels.

You collected 29 gold pieces.

Inventory:

Hand Weapons
 a - a +0 hand axe (weapon)
Armour
 b - a +0 robe (worn)
Scrolls
 c - 2 scrolls of identify {unknown}
 e - a scroll of noise {unknown}
 f - a scroll of amnesia {unknown}


   Skills:
 + Level 4.0 Fighting
 + Level 4.6 Axes
 + Level 2.8 Dodging
 - Level 1.6 Stealth


You had 2 spell levels left.
You didn't know any spells.
Your spell library contained the following spells:

 Spells                   Type           Power      Damage    Failure   Level
 Beastly Appendage        Tmut           0%         N/A       36%         1
 Wereblood                Tmut           0%         N/A       50%         2
 Spider Form              Tmut/Pois      0%         N/A       75%         3


Dungeon Overview and Level Annotations

Branches:
Dungeon (2/15)

Altars:

Annotations:
D:2 Sigmund


Message History

Sigmund hits you with a +0 scythe!
You hit Sigmund.
Sigmund is moderately wounded.
You hit Sigmund.
Sigmund is heavily wounded.
Sigmund closely misses you.
You barely miss Sigmund.
Sigmund is heavily wounded.
Sigmund casts a spell at you. You resist with significant effort.
You hit Sigmund but do no damage.
Sigmund is heavily wounded.
Sigmund hits you with a +0 scythe!
You hit Sigmund but do no damage.
Sigmund is heavily wounded.
Sigmund hits you with a +0 scythe!
* * * LOW HITPOINT WARNING * * *
You hit Sigmund.
Sigmund is heavily wounded.
It was a potion of heal wounds.
You feel much better. Sigmund hits you with a +0 scythe!
It was a potion of brilliance.
You feel clever all of a sudden. Sigmund hits you with a +0 scythe!
* * * LOW HITPOINT WARNING * * *
You hit Sigmund but do no damage.
Sigmund is heavily wounded.
You barely miss Sigmund.
Sigmund is heavily wounded.
Sigmund closely misses you.
You closely miss Sigmund.
Sigmund is heavily wounded.
Sigmund barely misses you.
You hit Sigmund.
Sigmund is severely wounded.
You hit Sigmund.
Sigmund is severely wounded.
Sigmund points at you and mumbles some strange words.
The magic dart hits you!
You die...

########## .....
##.<....... ...
###....#####. ...
#......# ###. ...
#......# #... #'#
#......+ #... #g#
#......#.#... #@#
#...#+##.#...
.#####@####...#.##.....
........................
.....##$#..#####.###..#.
.... #..#...............
... #.##...#....###..#.
.. !. ....#.#..# #..#. .
##.##...#.#..###..#. ..
#.........##....
####...#.#...##.###


You could see Sigmund and a hobgoblin.

Vanquished Creatures
  A ball python (D:1)
  2 bats
  3 endoplasms
  A giant cockroach (D:1)
  3 goblins
  2 hobgoblins
  3 jackals (D:1)
  A quokka (D:1)
  3 frilled lizards
  4 kobolds
  3 rats (D:1)
26 creatures vanquished.

Notes
Turn   | Place    | Note
-------+----------+-------------------------------------------
     0 | D:1      | iamoutofideas the Hill Orc Monk began the quest for the
                  | Orb.
     0 | D:1      | Reached XP level 1. HP: 19/19 MP: 1/1
   341 | D:1      | Reached XP level 2. HP: 27/27 MP: 2/2
  1276 | D:2      | Reached XP level 3. HP: 31/33 MP: 3/3
  1577 | D:2      | Noticed Sigmund
  1595 | D:2      | Killed from afar by Sigmund

Illustrated notes

Levels and vault maps discovered:
D:1:      wander_arrival_estate, layout_basic
D:2:      layout_basic, uniq_sigmund

Skill      XL: |  1  2 |
---------------+-------+-----
Fighting       | 4 |  4.0
Axes           | |  4.6
Dodging        | |  2.8
Stealth        | |  1.6

Action                   || total
-------------------------++-------
Melee: Hand axe          ||    95
  Use: Potion            ||     2
 Stab: Sleeping          ||     2
Armor: Robe              ||    14
Dodge: Dodged            ||    60

Table legend: (Time is in decaauts)
 A = Elapsed time spent in this place.
 B = Non-inter-level travel time spent in this place.
 C = Inter-level travel time spent in this place.
 D = Time resting spent in this place.
 E = Time spent auto-exploring this place.
 F = Levels seen in this place.
 G = Mean time per level.
                   A        B        C        D        E       F      G
               +--------+--------+--------+--------+--------+-----+--------+
         Total |   1602 |   1588 |     14 |    163 |   1219 |   2 |  801.0 |
       Dungeon |   1602 |   1588 |     14 |    163 |   1219 |   2 |  801.0 |
               +--------+--------+--------+--------+--------+-----+--------+

Top non-repeatable levels by time:
     D:1: 1266 daAuts
     D:2: 336 daAuts
